 Dungeon Crawl Stone Soup version 0.21-a0-24-ga372141 (webtiles) character file.

571082 Rrauwl the Shatterer (level 25, -79/188 HPs)
             Began as a Minotaur Berserker on May 24, 2017.
             Was a High Priest of Trog.
             Blown up by an ancient lich (84 damage)
             ... with an orb of destruction
             ... on level 5 of the Realm of Zot on May 25, 2017.
             The game lasted 04:10:28 (51007 turns).

Rrauwl the Shatterer (Minotaur Berserker)          Turns: 51007, Time: 04:10:28

Health: -79/188    AC: 41    Str: 26    XL:     25   Next: 64%
Magic:  0/40       EV: 14    Int: 16    God:    Trog [*****.]
Gold:   4525       SH: 30    Dex: 16    Spells: 24/24 levels left

rFire    + . .     SeeInvis +   a - +11 morningstar of Darkness {crush, Int+4}
rCold    + + .     Gourm    +   O - +6 large shield
rNeg     + . .     Faith    .   s - +10 gold dragon scales
rPois    +         Spirit   +   (helmet unavailable)
rElec    .         Reflect  .   v - scarf {Spirit}
rCorr    .         Harm     .   Q - +2 pair of gloves {Dex+3}
MR       +....                  W - +2 pair of boots of the Assassin {Detection Stab+ Stlth++}
Stlth    +.........             L - amulet of Vanuugh {Gourm rPois Int+3}
Regen    0.5/turn               Z - ring of Haemni {+Inv rN+ MP+9}
MPRegen  0.3/turn               P - ring "Juoropp" {rC+ Int+2 SInv}

@: very slightly contaminated
A: retaliatory headbutt, horns 3, blurry vision 1, clever 1, clumsy 2,
deterioration 1, frail 2, poison resistance
}: 3/15 runes: decaying, serpentine, silver
a: Berserk, Trog's Hand, Brothers in Arms, Burn Spellbooks, Renounce Religion,
Evoke Invisibility


You were on level 5 of the Realm of Zot.
You worshipped Trog.
Trog was extremely pleased with you.
You were full.

You visited 9 branches of the dungeon, and saw 47 of its levels.
You also visited: Labyrinth, Ice Cave, Volcano and Desolation.

You collected 5569 gold pieces.
You spent 1044 gold pieces at shops.

Inventory:

Hand Weapons
 a - the +11 morningstar of Darkness (weapon) {crush, Int+4}
   (Trog gifted it to you on level 3 of the Lair of Beasts)

   It inflicts extra damage upon your enemies.
   It affects your intelligence (+4).
 b - a +9 hand crossbow
Missiles
 o - 2554 bolts
Armour
 s - +10 gold dragon scales (worn)
 v - a scarf of spirit shield (worn)
 M - a +2 hat
 O - a +6 large shield (worn)
 Q - a +2 pair of gloves of dexterity (worn)
 W - the +2 pair of boots of the Assassin (worn) {Detection Stab+ Stlth++}
   (You found it in the Desolation of Salt)

   It makes you much more stealthy.
Jewellery
 g - an uncursed ring of resist corrosion
 t - the ring "Okumoadd" {+Fly Dex+3 Stlth+}
   (You found it in the Desolation of Salt)

   [ring of dexterity]

   It affects your dexterity (+3).
   It lets you fly.
   It makes you more stealthy.
 L - the amulet of Vanuugh (around neck) {Gourm rPois Int+3}
   (You found it on level 6 of the Lair of Beasts)

   [amulet of the gourmand]

   It allows you to eat raw meat even when not hungry.
   It affects your intelligence (+3).
   It protects you from poison.
 P - the ring "Juoropp" (right hand) {rC+ Int+2 SInv}
   (You acquired it on level 4 of the Swamp)

   [ring of protection from cold]

   It affects your intelligence (+2).
   It protects you from cold.
   It lets you see invisible.
 Z - the ring of Haemni (left hand) {+Inv rN+ MP+9}
   (You took it off an orc wizard on level 5 of the Vaults)

   [ring of magical power]

   It protects you from negative energy.
   It affects your magic capacity (+9).
   It lets you turn invisible.
Wands
 d - a wand of digging (17/24)
 f - a wand of iceblast (5/15)
 l - a wand of scattershot (8/9)
 x - a wand of acid (11/15)
 H - a wand of lightning (12/15)
 K - a wand of clouds (4/9)
 T - a wand of scattershot (3/9)
 U - a wand of confusion (28/48)
 X - a wand of disintegration (13/24)
Scrolls
 e - 14 scrolls of identify
 h - 13 scrolls of remove curse
 j - a scroll of enchant weapon
 n - 2 scrolls of teleportation
 z - 2 scrolls of blinking
 G - 6 scrolls of magic mapping
 N - 4 scrolls of fog
 R - 5 scrolls of fear
Potions
 i - 3 potions of resistance
 k - 2 potions of mutation
 m - 5 potions of agility
 p - 8 potions of haste
 u - 9 potions of curing
 A - 5 potions of cancellation
 B - 6 potions of might
 D - 2 potions of berserk rage
 V - a potion of invisibility
Miscellaneous
 c - a fan of gales
 y - a lightning rod (4/4)
 C - a sack of spiders
 I - a phantom mirror
 S - a lamp of fire
Comestibles
 r - 20 meat rations


   Skills:
 - Level 21.0 Fighting
   Level 16.1(21.3) Axes
 - Level 23.0(24.5) Maces & Flails
 - Level 10.0 Crossbows
 + Level 21.6 Armour
 - Level 16.0 Dodging
 - Level 15.0 Stealth
 - Level 20.0 Shields
 - Level 12.0 Evocations


You had 24 spell levels left.
You didn't know any spells.

Dungeon Overview and Level Annotations

Branches:
Dungeon (15/15)            Temple (1/1) D:5            Lair (6/6) D:10
  Swamp (4/4) Lair:3        Snake (4/4) Lair:3        Slime (0/5) Lair:6
    Orc (2/2) D:9             Elf (0/3) Orc:2        Vaults (5/5) D:14
  Crypt (0/3) Vaults:2     Depths (5/5) D:15            Zot (5/5) Depths:5

Altars:
Ashenzari
Cheibriados
Dithmenos
Elyvilon
Fedhas
Gozag
Hepliaklqana
Kikubaaqudgha
Makhleb
Nemelex Xobeh
Okawaru
Qazlal
Ru
Sif Muna
Trog
Uskayaw
Vehumet
Wu Jian
Xom
Yredelemnul
Zin
The Shining One
Jiyva

Shops:
D:6 [   D:14 ?   Orc:1 *!   Orc:2 :(*[!   Snake:2 (

Portals:
Hell: Depths:1 Depths:2 Depths:3 Depths:4
Pandemonium: Depths:1 Depths:2 Depths:3
Ziggurat: Depths:4

Annotations:
Depths:2 8 runed doors


Innate Abilities, Weirdness & Mutations

You reflexively headbutt those who attack you in melee.
You have a pair of large horns on your head.
Scrolls take you a little longer to read.
Your mind is acute. (Int +2)
You are very clumsy. (Dex -4)
Your body sometimes deteriorates upon taking damage.
You are very frail. (-20% HP)
Your system is resistant to poisons. (rPois)


Message History

You feel a little less mighty now.
You hear a distant "Zot"!
The ancient lich casts a spell at you. The bolt of lightning hits you!
* * * LOW HITPOINT WARNING * * *
The bolt of lightning hits you!
* * * LOW HITPOINT WARNING * * *
Unknown command.
Your blink will be uncontrolled - continue anyway?
Really read with blurry vision while enemies are nearby?
Okay, then.
Unknown command.
Okay, then.
Okay, then.
You feel extremely strange.
You feel more energetic.
Your large bone plates disappear.
You feel robust.
Your vision sharpens.
You feel yourself wasting away.
Your vision blurs.
The horns on your head grow some more.
Your +2 hat falls away!
The orb of destruction hits you!
You die...

#..........
#..........$.
#............
#.^.....L....
#...^........
#....X^§..y..
##....§......
##...§......
##.@§......
▓▓▓▓###########
#.##..........#
#.##.......<..#
#.##..........#
#.##..........#
#..'..........#
#.##..........#
#.##..........#


You could see an ancient lich, an Orb Guardian and a ghost moth (invisible).

Vanquished Creatures
  3 ancient liches
  An orb of fire (Zot:5)
  A juggernaut (Depths:3)
  Boris (twice) (Vaults:2 Vaults:5)
  A curse toe (Zot:3)
  Saint Roka (Vaults:5)
  Nikola (Vaults:3)
  3 caustic shrikes (Depths:3)
  Jory (Vaults:2)
  A bone dragon (Depths:5)
  6 golden dragons
  An electric golem (Zot:5)
  Rupert (Orc:2)
  9 Orb Guardians (Zot:5)
  6 liches
  4 tentacled monstrosities
  5 titans
  3 quicksilver dragons
  The ghost of morbho the Earth Mage, an adept GrSk of Ashenzari (Desolation)
  4 sphinxes
  2 death cobs (Zot:5)
  Frances (D:13)
  A thorn hunter (Swamp:3)
  Kirke (D:13)
  7 tengu reavers
  9 nagarajas
  3 shadow dragons
  Donald (Snake:4)
  7 storm dragons
  11 fire giants
  10 frost giants
  A deep elf sorcerer (Vaults:2)
  18 vault wardens
  An imperial myrmidon (Desolation)
  Louise (D:14)
  A draconian scorcher (Depths:5)
  2 orc warlords (Orc:2)
  Aizul (Snake:2)
  The ghost of ZlagarX the Brawler, a journeyman NaTm of Wu Jian (Snake:1)
  3 spriggan defenders
  17 ironheart preservers
  The ghost of jotwebe the Severer, a journeyman HOGl of Fedhas (Orc:2)
  A draconian annihilator (Zot:5)
  19 very ugly things
  22 stone giants
  2 entropy weavers
  4 green draconians
  A black draconian (Zot:5)
  2 vampire knights
  2 deep elf demonologists
  A halazid warlock (Desolation)
  A dire elephant (D:15)
  13 spark wasps
  2 yellow draconians
  The ghost of cirnu the Cleaver, a journeyman DsFi of Gozag (Lair:4)
  A purple draconian (Zot:5)
  A red draconian (Depths:5)
  5 deep elf annihilators
  Azrael (Orc:2)
  2 blizzard demons (IceCv)
  3 crystal guardians
  10 ettins
  6 ragged hierophants (Desolation)
  2 deep elf death magi
  3 deep elf high priests
  A minotaur (Lab)
  A minotaur (shapeshifter) (Depths:5)
  2 green deaths (Swamp:4)
  3 jiangshi
  12 yaktaur captains
  12 fire dragons
  2 small abominations (Vaults:3)
  10 ice dragons
  8 rakshasas
  10 great orbs of eyes
  11 servants of whispers (Desolation)
  27 vault guards
  13 hydras
  7 anacondas
  6 spriggan air magi
  15 naga warriors
  A ghost crab (Swamp:4)
  18 ogre magi
  A death knight (Vaults:2)
  6 alligators
  An anaconda (shapeshifter) (Depths:3)
  19 centaur warriors
  A merfolk avatar (Lair:6)
  3 peacekeepers (Desolation)
  Erica (D:10)
  A catoblepas (D:13)
  55 two-headed ogres
  2 dancing weapons (Vaults:5)
  12 death yaks
  A hell hog (Volcano)
  2 vampire magi
  5 deep troll shamans
  A thrashing horror (Swamp:4)
  6 deep troll earth magi
  3 orc high priests (Orc:2)
  10 tengu warriors
  2 spriggan berserkers
  3 shock serpents
  5 deep elf knights
  Nergalle (Lair:4)
  17 hell knights
  10 naga sharpshooters
  Sonja (Lair:1)
  An iron troll (Depths:5)
  A titan skeleton (Depths:1)
  14 skeletal warriors
  3 shadow wraiths
  4 unseen horrors
  5 glowing orange brains
  19 deep trolls
  2 salamander mystics
  5 spriggan druids
  3 sea snakes (Lair:6)
  6 deep elf archers
  A glowing orange brain (shapeshifter) (Depths:2)
  6 flayed ghosts
  3 wizards
  5 shambling mangroves
  2 phantasmal warriors (Vaults:5)
  18 ironbrand convokers
  9 swamp dragons
  13 orc knights
  9 harpies
  5 necromancers
  12 mana vipers
  A harpy (shapeshifter) (Depths:4)
  11 naga ritualists
  2 wolf spiders
  7 orc sorcerers
  A wolf spider zombie (D:14)
  52 ugly things
  16 deep elf magi
  A faun (shapeshifter) (Vaults:4)
  13 salamanders
  9 moths of wrath
  3 large abominations
  2 manticores
  A guardian serpent (shapeshifter) (Vaults:4)
  A frost giant zombie (Vaults:5)
  6 cyclopes
  A black mamba (shapeshifter) (Depths:2)
  16 elephants
  7 centaur zombies
  9 guardian serpents
  42 black mambas
  24 naga magi
  20 vault sentinels
  A gargoyle (D:15)
  23 spiny frogs
  2 spiny frogs (shapeshifter)
  5 spectral swamp worms (Depths:4)
  A molten gargoyle (Desolation)
  3 orange demons (Swamp:4)
  62 yaktaurs
  3 rime drakes (Lair:6)
  14 komodo dragons
  3 anaconda simulacra (IceCv)
  4 ice devils (IceCv)
  11 freezing wraiths
  5 tengu conjurers
  A yaktaur (shapeshifter) (Vaults:3)
  A jumping spider (shapeshifter) (Depths:1)
  2 golden dragon simulacra (IceCv)
  A troll (shapeshifter) (Vaults:4)
  3 trolls
  3 polar bears (Lair:6)
  A wind drake (Lair:6)
  27 hornets
  38 slime creatures
  5 blink frogs (Swamp:4)
  A spriggan zombie (Depths:1)
  3 tyrant leeches
  11 bog bodies
  15 dream sheep
  8 hippogriffs
  57 saltlings (Desolation)
  A dream sheep (shapeshifter) (Vaults:4)
  A redback (Vaults:5)
  Sigmund (D:2)
  2 air elementals (Depths:4)
  6 shadows
  3 wraiths
  15 spriggans
  7 wyverns
  A water elemental (D:13)
  61 yaks
  A yak (shapeshifter) (Vaults:3)
  A fire dragon skeleton (Depths:1)
  3 hogs (D:13)
  2 dire elephant simulacra (IceCv)
  2 basilisks
  5 fire elementals (Orc:2)
  2 hungry ghosts
  31 vampire mosquitoes
  2 basilisks (shapeshifter)
  5 steam dragons (Volcano)
  2 yaktaur simulacra (Vaults:1)
  20 swamp worms
  A harpy simulacrum (IceCv)
  11 insubstantial wisps (Swamp:4)
  3 iron troll simulacra (IceCv)
  2 wargs
  6 acid dragons
  42 nagas
  The ghost of gorpus the Conjurer, an amateur OpWz (D:3)
  A soldier ant (D:10)
  28 water moccasins
  4 hell hounds
  2 hydra simulacra (IceCv)
  2 floating eyes
  6 porcupines
  10 swamp drakes
  39 orc warriors
  2 ettin simulacra (IceCv)
  A sky beast (D:5)
  A black bear (Lair:5)
  2 black bears (shapeshifter)
  An alligator simulacrum (IceCv)
  3 ice beasts
  3 phantoms
  An eye of draining (D:13)
  47 ogres
  3 wolves (Lair:3)
  2 necrophages
  8 boggarts (Depths:3)
  30 centaurs
  16 crocodiles
  3 big kobolds
  24 bullfrogs
  A yaktaur skeleton (Depths:1)
  2 wyvern zombies
  A deep troll simulacrum (Vaults:3)
  6 scorpions
  A water moccasin skeleton (D:5)
  5 killer bees (D:11)
  An elephant simulacrum (IceCv)
  3 wights (D:8)
  3 electric eels
  2 howler monkeys (D:9)
  7 crimson imps
  2 draconian simulacra (IceCv)
  2 bullfrog zombies
  2 human simulacra (Vaults:2)
  2 quasits
  2 bullfrog skeletons
  6 hounds
  5 centaur skeletons
  6 jellies
  26 orc priests
  37 orc wizards
  2 iguanas
  Ijyb (D:3)
  10 worker ants
  4 troll simulacra (IceCv)
  A worker ant (shapeshifter) (Depths:3)
  A polar bear simulacrum (IceCv)
  3 spriggan simulacra (IceCv)
  2 wolf simulacra (IceCv)
  2 centaur simulacra (IceCv)
  3 gnolls (D:8)
  An ogre simulacrum (IceCv)
  20 adders
  3 naga simulacra (IceCv)
  4 shadow imps
  5 white imps
  4 ufetubi (IceCv)
  An ooze (D:6)
  An adder skeleton (D:5)
  A dart slug (D:1)
  8 leopard geckos
  88 orcs
  2 ball pythons
  7 bats
  3 giant cockroaches
  11 goblins
  4 hobgoblins
  8 jackals
  4 quokkas
  6 frilled lizards
  A jackal skeleton (D:4)
  18 kobolds
  A leopard gecko skeleton (D:8)
  A leopard gecko zombie (D:5)
  A quokka skeleton (D:4)
  2 quokka zombies
  6 rats
  2 crawling corpses (Vaults:3)
  A fungus (Lair:3)
  2 plants (Lair:3)
2139 creatures vanquished.

Vanquished Creatures (collateral kills)
  A golden dragon (Depths:5)
  A fire giant (Depths:4)
  A frost giant (Depths:4)
  A draconian scorcher (Zot:5)
  A draconian stormcaller (Depths:5)
  2 spriggan defenders
  A stone giant (Depths:4)
  A draconian annihilator (Depths:5)
  2 very ugly things (Depths:4)
  A green draconian (Zot:5)
  A vampire knight (Depths:3)
  A purple draconian (Zot:5)
  Snorg (D:14)
  4 spark wasps (Depths:4)
  3 yaktaur captains
  A jiangshi (Depths:4)
  3 fire dragons
  A rakshasa (Depths:4)
  A hydra (Lair:4)
  A catoblepas (Lair:2)
  2 naga warriors
  3 death yaks (Lair:6)
  2 two-headed ogres (Depths:1)
  A vampire mage (Depths:4)
  A deep troll shaman (Depths:5)
  2 spriggan berserkers (Depths:4)
  An orc high priest (Orc:2)
  2 hell knights (Depths:3)
  A naga ritualist (Snake:2)
  3 ugly things
  2 salamanders (Snake:2)
  3 naga magi
  2 black mambas (Snake:1)
  An ice statue (IceCv)
  A guardian serpent (Snake:2)
  7 yaktaurs
  A komodo dragon (Lair:2)
  2 fire bats (Volcano)
  6 nagas
  A hell hound (Volcano)
  4 orc warriors (Orc:2)
  A boggart (Depths:3)
  3 ogres (Vaults:2)
  An orc priest (Orc:2)
  An orc (Orc:2)
  A butterfly (Lair:4)
  A crawling corpse (Depths:3)
85 creatures vanquished.

Vanquished Creatures (others)
  A fire giant (Vaults:3)
  A vampire knight (Depths:4)
  A fire dragon (Depths:3)
  A naga ritualist (Snake:4)
  A saltling (Desolation)
  A hornet (Swamp:4)
  A human (D:13)
  An insubstantial wisp (Swamp:4)
  A swamp drake (Swamp:4)
  An orc priest (D:13)
  5 white imps (IceCv)
  2 ufetubi (IceCv)
  2 orcs
  11 fungi
  A pillar of salt (Vaults:4)
  8 plants
39 creatures vanquished.

Grand Total: 2263 creatures vanquished

Notes
Turn   | Place    | Note
-------+----------+-------------------------------------------
     0 | D:1      | Rrauwl the Minotaur Berserker began the quest for the Orb.
     0 | D:1      | Reached XP level 1. HP: 19/19 MP: 0/0
    88 | D:1      | Reached XP level 2. HP: 19/27 MP: 1/1
   403 | D:1      | Reached XP level 3. HP: 33/33 MP: 2/2
   560 | D:1      | Reached ** piety under Trog
   626 | D:2      | Noticed Sigmund
   638 | D:2      | Killed Sigmund
   638 | D:2      | Reached XP level 4. HP: 40/40 MP: 3/3
   638 | D:2      | Reached XP level 5. HP: 46/46 MP: 4/4
  1035 | D:3      | Noticed Ijyb
  1041 | D:3      | Killed Ijyb
  1273 | D:3      | Gained mutation: Your system is resistant to poisons. (rPois) [potion of mutation]
  1273 | D:3      | Gained mutation: Your mind is acute. (Int +2) [potion of mutation]
  1431 | D:3      | Noticed gorpus's ghost (amateur OpWz)
  1441 | D:3      | Killed gorpus's ghost
  1441 | D:3      | Reached XP level 6. HP: 52/52 MP: 2/5
  1970 | D:4      | Reached XP level 7. HP: 55/59 MP: 4/6
  2286 | D:4      | Reached skill level 10 in Axes
  2507 | D:5      | Entered Level 5 of the Dungeon
  2542 | D:5      | Reached *** piety under Trog
  2544 | D:5      | Reached XP level 8. HP: 56/66 MP: 7/7
  2678 | D:5      | Found a staircase to the Ecumenical Temple.
  2695 | Temple   | Entered the Ecumenical Temple
  3748 | D:6      | Found Xuedenei's Armour Shop.
  3756 | D:6      | Bought a +0 hat for 40 gold pieces
  3904 | D:6      | Reached **** piety under Trog
  4283 | D:7      | Reached XP level 9. HP: 71/71 MP: 8/8
  4795 | D:7      | Reached skill level 15 in Axes
  4887 | D:7      | Identified Xuigikhom's Collected Works on Shape Shifting and Stones
  5266 | D:8      | Noticed a two-headed ogre
  5274 | D:8      | Killed a two-headed ogre
  5274 | D:8      | Reached XP level 10. HP: 78/78 MP: 6/9
  5643 | D:8      | Found a shattered altar of Ashenzari.
  5894 | D:9      | Found a radiant altar of Vehumet.
  5894 | D:9      | Found an opulent altar of Gozag.
  5895 | D:9      | Found a glowing silver altar of Zin.
  5904 | D:9      | Found a glowing golden altar of the Shining One.
  5906 | D:9      | Found a bloodstained altar of Trog.
  5906 | D:9      | Found a shattered altar of Ashenzari.
  5978 | D:9      | Reached skill level 5 in Fighting
  6165 | D:9      | Reached skill level 5 in Armour
  6294 | D:9      | Found a staircase to the Orcish Mines.
  6343 | D:9      | Reached ***** piety under Trog
  6762 | D:10     | Entered Level 10 of the Dungeon
  6854 | D:10     | Found a staircase to the Lair.
  6872 | D:10     | Reached skill level 1 in Evocations
  6935 | D:10     | Reached skill level 5 in Dodging
  7012 | D:10     | Noticed Erica
  7025 | D:10     | Killed Erica
  7974 | Lair:1   | Entered Level 1 of the Lair of Beasts
  7974 | Lair:1   | Noticed a spiny frog
  7981 | Lair:1   | Killed a spiny frog
  7981 | Lair:1   | Reached XP level 11. HP: 92/92 MP: 10/12
  8035 | Lair:1   | Received a gift from Trog
  8724 | Lair:1   | Noticed Sonja
  8780 | Lair:1   | Killed Sonja
  9674 | Lair:2   | Reached skill level 10 in Armour
  9704 | Lair:2   | Found a labyrinth entrance.
  9713 | Lab      | Entered a labyrinth
 10335 | Lab      | Noticed a minotaur
 10348 | Lab      | Killed a minotaur
 10391 | Lab      | Got a translucent plate armour
 10402 | Lab      | Identified the +7 plate armour "Nyhaf" {rPois rF+ Str+2} (You took it off a minotaur in a labyrinth)
 10405 | Lab      | Identified the Reference Book on Transmigration
 10407 | Lab      | Got a heavily runed chain mail
 10418 | Lab      | Identified the +1 chain mail "Oraosket" {rC+ rCorr Int+4} (You found it in a labyrinth)
 10540 | Lair:2   | Noticed a catoblepas
 10550 | Lair:2   | Killed a catoblepas
 10550 | Lair:2   | Reached skill level 10 in Fighting
 10647 | Lair:2   | Got a pitted falchion
 10648 | Lair:2   | Identified the +6 falchion of Regicide {elec, *Contam Int+5} (You found it on level 2 of the Lair of Beasts)
 11073 | Lair:2   | Reached skill level 1 in Maces & Flails
 11079 | Lair:2   | Reached skill level 2 in Maces & Flails
 11081 | Lair:2   | Reached skill level 3 in Maces & Flails
 11084 | Lair:2   | Reached skill level 4 in Maces & Flails
 11085 | Lair:2   | Reached skill level 5 in Maces & Flails
 11273 | Lair:3   | Reached skill level 6 in Maces & Flails
 11273 | Lair:3   | Reached XP level 12. HP: 96/110 MP: 10/13
 11293 | Lair:3   | Found a staircase to the Snake Pit.
 11297 | Lair:3   | Reached skill level 7 in Maces & Flails
 11308 | Lair:3   | Reached skill level 8 in Maces & Flails
 11360 | Lair:3   | Reached skill level 9 in Maces & Flails
 11382 | Lair:3   | Reached skill level 10 in Maces & Flails
 11481 | Lair:3   | Noticed a five-headed hydra
 11496 | Lair:3   | Reached skill level 11 in Maces & Flails
 11633 | Lair:3   | Killed a five-headed hydra
 11724 | Lair:3   | Reached skill level 12 in Maces & Flails
 11743 | Lair:3   | Received a gift from Trog
 11744 | Lair:3   | Got an ichor-stained morningstar {god gift}
 11745 | Lair:3   | Identified the +11 morningstar of Darkness {crush, Int+4} (Trog gifted it to you on level 3 of the Lair of Beasts)
 11896 | Lair:3   | Reached skill level 13 in Maces & Flails
 11961 | Lair:3   | Found a staircase to the Swamp.
 12302 | Lair:4   | Noticed a four-headed hydra
 12302 | Lair:4   | Noticed a five-headed hydra
 12311 | Lair:3   | Killed a five-headed hydra
 12313 | Lair:3   | Reached skill level 14 in Maces & Flails
 12894 | Lair:4   | Noticed cirnu's ghost (journeyman DsFi)
 12895 | Lair:4   | Noticed Nergalle
 12904 | Lair:4   | Killed Nergalle
 12905 | Lair:4   | Killed cirnu's ghost
 12907 | Lair:4   | Killed a four-headed hydra
 13307 | Lair:5   | Reached XP level 13. HP: 118/118 MP: 14/14
 13313 | Lair:5   | Received a gift from Trog
 13632 | Lair:5   | Reached skill level 5 in Evocations
 13956 | Lair:6   | Entered Level 6 of the Lair of Beasts
 14004 | Lair:6   | Reached skill level 1 in Crossbows
 14083 | Lair:6   | Reached skill level 5 in Crossbows
 14279 | Lair:6   | Found a viscous altar of Jiyva.
 14279 | Lair:6   | Found a staircase to the Slime Pits.
 14311 | Lair:6   | Got a flickering lead amulet
 14312 | Lair:6   | Identified the amulet of Vanuugh {Gourm rPois Int+3} (You found it on level 6 of the Lair of Beasts)
 14468 | Lair:6   | Reached XP level 14. HP: 81/126 MP: 11/17
 14520 | Lair:6   | Reached ****** piety under Trog
 14551 | Lair:6   | Received a gift from Trog
 15091 | Lair:6   | Reached skill level 10 in Crossbows
 15760 | D:11     | Reached skill level 15 in Maces & Flails
 16219 | D:12     | Received a gift from Trog
 16993 | D:13     | Reached skill level 16 in Maces & Flails
 17330 | D:13     | Noticed Kirke
 17336 | D:13     | Killed Kirke
 17375 | D:13     | Noticed Frances
 17383 | D:13     | Killed Frances
 17383 | D:13     | Reached skill level 17 in Maces & Flails
 17383 | D:13     | Reached XP level 15. HP: 132/132 MP: 18/18
 17509 | D:14     | Found a bloodstained altar of Trog.
 17607 | D:14     | Noticed Louise
 17608 | D:14     | Noticed Snorg
 17626 | D:14     | Killed Louise
 17633 | D:14     | Killed Snorg
 17719 | D:14     | Reached skill level 1 in Shields
 17804 | D:14     | Received a gift from Trog
 17837 | D:14     | Found a gate to the Vaults.
 18285 | D:14     | Reached skill level 5 in Shields
 18405 | D:14     | Found Niommoj's Magic Scroll Shop.
 18408 | D:14     | Bought a scroll of blinking for 112 gold pieces
 18481 | D:15     | Entered Level 15 of the Dungeon
 18534 | D:15     | Paralysed by a great orb of eyes for 2 turns
 18578 | D:15     | Received a gift from Trog
 18682 | D:15     | Gained mutation: Your muscles are strong. (Str +2) [mutagenic meat]
 18683 | D:15     | Gained mutation: You are partially covered in large bone plates. (SH +4) [mutagenic meat]
 19428 | D:15     | Reached skill level 10 in Shields
 19596 | D:15     | Found a staircase to the Depths.
 19810 | Orc:1    | Entered Level 1 of the Orcish Mines
 19812 | Orc:1    | Found Zoripurr's General Store.
 19819 | Orc:1    | Bought a potion of haste for 140 gold pieces
 19852 | Orc:1    | Found a dark tunnel.
 19858 | Volcano  | Entered a volcano
 20009 | Orc:1    | Received a gift from Trog
 20039 | Orc:1    | Found Wioreom's Distillery.
 20060 | Orc:1    | Bought a potion of haste for 140 gold pieces
 20060 | Orc:1    | Bought a potion of invisibility for 112 gold pieces
 20060 | Orc:1    | Bought a potion of haste for 140 gold pieces
 20646 | Orc:2    | Entered Level 2 of the Orcish Mines
 20737 | Orc:2    | Found a staircase to the Elven Halls.
 20861 | Orc:2    | Noticed jotwebe's ghost (journeyman HOGl)
 20875 | Orc:2    | Killed jotwebe's ghost
 20946 | Orc:2    | Noticed an orc warlord
 20955 | Orc:2    | Killed an orc warlord
 21006 | Orc:2    | Noticed Azrael
 21013 | Orc:2    | Killed Azrael
 21029 | Orc:2    | Reached XP level 16. HP: 131/143 MP: 19/19
 21056 | Orc:2    | Found Syudop's Distillery.
 21065 | Orc:2    | Bought a potion of might for 60 gold pieces
 21065 | Orc:2    | Bought a potion of haste for 150 gold pieces
 21065 | Orc:2    | Bought a potion of heal wounds for 75 gold pieces
 21065 | Orc:2    | Bought a potion of heal wounds for 75 gold pieces
 21126 | Orc:2    | Noticed Rupert
 21143 | Orc:2    | Killed Rupert
 21147 | Orc:2    | Received a gift from Trog
 21475 | Orc:2    | Received a gift from Trog
 21677 | Orc:2    | Found Dopnihics's Antique Armour Emporium.
 21678 | Orc:2    | Found Hoqofedi's Antique Weapon Emporium.
 21679 | Orc:2    | Found Gyudahaf's General Store.
 21679 | Orc:2    | Found Jeafruph's Book Shoppe.
 22136 | Swamp:1  | Entered Level 1 of the Swamp
 22338 | Swamp:1  | Received a gift from Trog
 22607 | Swamp:1  | Received a gift from Trog
 23739 | Swamp:3  | Noticed a thorn hunter
 23748 | Swamp:3  | Killed a thorn hunter
 23903 | Swamp:3  | Reached skill level 18 in Maces & Flails
 24194 | Swamp:3  | Received a gift from Trog
 24194 | Swamp:3  | Reached skill level 10 in Dodging
 24490 | Swamp:4  | Entered Level 4 of the Swamp
 24524 | Swamp:4  | Received a gift from Trog
 24534 | Swamp:4  | Got an encrusted war axe {god gift}
 24680 | Swamp:4  | Identified the +7 war axe "Uki Fygg" {chop, *Drain rF+ Str+3} (Trog gifted it to you on level 4 of the Swamp)
 25025 | Swamp:4  | Identified a scroll of acquirement
 25026 | Swamp:4  | Got a flickering marble ring
 25027 | Swamp:4  | Identified the ring "Juoropp" {rC+ Int+2 SInv} (You acquired it on level 4 of the Swamp)
 25124 | Swamp:4  | Reached XP level 17. HP: 152/152 MP: 18/20
 25553 | Swamp:4  | Received a gift from Trog
 25928 | Swamp:4  | Received a gift from Trog
 25996 | Swamp:4  | Noticed a tentacled monstrosity
 26004 | Swamp:4  | Killed a tentacled monstrosity
 26065 | Swamp:4  | Got a decaying rune of Zot
 26462 | Snake:1  | Entered Level 1 of the Snake Pit
 26492 | Snake:1  | Received a gift from Trog
 26519 | Snake:1  | Noticed ZlagarX's ghost (journeyman NaTm)
 26703 | Snake:1  | Killed ZlagarX's ghost
 26863 | Snake:1  | Received a gift from Trog
 26895 | Snake:1  | Reached skill level 15 in Dodging
 27359 | Snake:2  | Found a frozen archway.
 27368 | IceCv    | Entered an ice cave
 27470 | IceCv    | Got a tiger eye-encrusted ring mail
 27471 | IceCv    | Identified the +0 ring mail of Zehiehow {rF- rC++ Int+7} (You found it in an ice cave)
 27573 | IceCv    | Received a gift from Trog
 27585 | IceCv    | Got an ichor-stained morningstar {god gift}
 27587 | IceCv    | Identified the +6 morningstar "Wacaliame" {flame, Fragile rElec MR- Int+5} (Trog gifted it to you in an ice cave)
 28378 | IceCv    | Got a fine hat
 28389 | IceCv    | Identified the +0 hat of Least Resistance {Str+2} (You found it in an ice cave)
 28613 | Snake:2  | Found Eqafewerph's Weapon Boutique.
 29192 | Snake:2  | Received a gift from Trog
 29263 | Snake:2  | Noticed Aizul
 29274 | Snake:2  | Killed Aizul
 29629 | Snake:3  | Got a shimmering chain mail
 29630 | Snake:3  | Identified the +8 chain mail of Honesty {Str+4 Int-4 Dex+6} (You found it on level 3 of the Snake Pit)
 29651 | Snake:3  | Identified the +8 chain mail of Lugonu's Supremacy {Int+4} (You found it on level 3 of the Snake Pit)
 29710 | Snake:3  | Reached XP level 18. HP: 160/160 MP: 21/21
 30055 | Snake:3  | Reached skill level 15 in Armour
 30462 | Snake:4  | Entered Level 4 of the Snake Pit
 30574 | Snake:4  | Noticed Donald
 30581 | Snake:4  | Killed Donald
 30657 | Snake:4  | Reached skill level 15 in Shields
 30672 | Snake:4  | Found an ornate altar of the Wu Jian Council.
 30767 | Snake:4  | Received a gift from Trog
 31190 | Snake:4  | Received a gift from Trog
 31462 | Snake:4  | Reached skill level 15 in Fighting
 32144 | Snake:4  | Received a gift from Trog
 32224 | Snake:4  | Got a serpentine rune of Zot
 32780 | Vaults:1 | Entered Level 1 of the Vaults
 32781 | Vaults:1 | Upgraded the game from 0.21-a0-19-g210df22 to 0.21-a0-24-ga372141
 32922 | Vaults:1 | Reached XP level 19. HP: 164/172 MP: 22/22
 33390 | Vaults:1 | Received a gift from Trog
 34091 | Vaults:1 | Received a gift from Trog
 34334 | Vaults:2 | Received a gift from Trog
 34471 | Vaults:2 | Noticed Jory
 34484 | Vaults:2 | Killed Jory
 34846 | Vaults:2 | Noticed Boris
 34870 | Vaults:2 | Killed Boris
 34883 | Vaults:2 | Received a gift from Trog
 34918 | Vaults:2 | Reached XP level 20. HP: 187/187 MP: 23/25
 34925 | Vaults:2 | Received a gift from Trog
 35627 | Vaults:2 | Found a staircase to the Crypt.
 35879 | Vaults:2 | Received a gift from Trog
 35954 | Vaults:2 | Reached skill level 19 in Maces & Flails
 36044 | Vaults:3 | Paralysed by a sphinx for 6 turns
 36322 | Vaults:3 | Reached skill level 20 in Maces & Flails
 36374 | Vaults:3 | Received a gift from Trog
 36382 | Vaults:3 | Got a warped flail {god gift}
 36597 | Vaults:3 | Identified the +4 flail "Qiyhoi" {speed, rC+ rN+} (Trog gifted it to you on level 3 of the Vaults)
 36902 | Vaults:3 | Noticed Nikola
 36916 | Vaults:3 | Reached skill level 21 in Maces & Flails
 36925 | Vaults:3 | Killed Nikola
 37008 | Vaults:3 | Received a gift from Trog
 37338 | Vaults:3 | Received a gift from Trog
 37626 | Vaults:3 | Reached skill level 22 in Maces & Flails
 37764 | Vaults:3 | Reached XP level 21. HP: 163/194 MP: 21/26
 38138 | Vaults:4 | Paralysed by a great orb of eyes for 3 turns
 38205 | Vaults:4 | Found a ruined gateway.
 38214 | Desolati | Entered the Desolation of Salt
 38284 | Desolati | Received a gift from Trog
 38579 | Desolati | Received a gift from Trog
 38809 | Desolati | Noticed morbho's ghost (adept GrSk)
 38831 | Desolati | Killed morbho's ghost
 38831 | Desolati | Reached skill level 1 in Stealth
 39175 | Desolati | Got a pitted silver ring
 39178 | Desolati | Identified the cursed ring of Nackydey {-Tele rPois EV-2 Str+2 Stlth+} (You found it in the Desolation of Salt)
 39181 | Desolati | Identified the cursed +3 long sword "Grim" {flame, +Rage rPois rF- rC++} (You found it in the Desolation of Salt)
 39342 | Desolati | Reached skill level 5 in Stealth
 39513 | Desolati | Got a slimy tin ring
 39514 | Desolati | Identified the ring "Okumoadd" {+Fly Dex+3 Stlth+} (You found it in the Desolation of Salt)
 39522 | Desolati | Got a clouded platinum ring
 39523 | Desolati | Identified the ring "Movuup" {rF+ MP+9 Str-3 Stlth+} (You found it in the Desolation of Salt)
 39955 | D:13     | Received a gift from Trog
 40432 | Vaults:4 | Received a gift from Trog
 40521 | Vaults:4 | Paralysed by an ogre mage for 7 turns
 40532 | Vaults:4 | Received a gift from Trog
 41442 | Vaults:4 | Reached skill level 10 in Stealth
 41902 | Vaults:5 | Entered Level 5 of the Vaults
 41908 | Vaults:5 | Reached XP level 22. HP: 188/202 MP: 23/27
 41946 | Vaults:5 | Received a gift from Trog
 42402 | Vaults:5 | Identified the +1 scale mail of the Evening Star {rF+} (You took it off a deep elf high priest on level 5 of the Vaults)
 42439 | Vaults:5 | Identified the +9 great mace "Ememuepp" {vamp, rC++} (Trog gifted it to you on level 5 of the Vaults)
 42520 | Vaults:5 | Received a gift from Trog
 42606 | Vaults:5 | Noticed an ancient lich
 42608 | Vaults:5 | Noticed Saint Roka
 42621 | Vaults:5 | Killed an ancient lich
 42622 | Vaults:5 | Noticed an ancient lich
 42632 | Vaults:5 | Received a gift from Trog
 42922 | Vaults:5 | Noticed a golden dragon
 42928 | Vaults:5 | Killed a golden dragon
 43105 | Vaults:5 | Noticed Boris
 43109 | Vaults:5 | Killed Saint Roka
 43115 | Vaults:5 | Killed Boris
 43132 | Vaults:5 | Got a smoking chain mail
 43132 | Vaults:5 | Got a warped glass ring
 43133 | Vaults:5 | Identified the +3 chain mail of Weirdness {rN++ Str+6} (You took it off an orc warrior on level 5 of the Vaults)
 43135 | Vaults:5 | Identified the ring of Haemni {+Inv rN+ MP+9} (You took it off an orc wizard on level 5 of the Vaults)
 43320 | Vaults:5 | Reached skill level 15 in Stealth
 43345 | Vaults:5 | Reached XP level 23. HP: 182/209 MP: 28/28
 43374 | Vaults:5 | Noticed an ancient lich
 43399 | Vaults:5 | Killed an ancient lich
 43486 | Vaults:5 | Received a gift from Trog
 43538 | Vaults:5 | Got a silver rune of Zot
 44017 | Depths:1 | Entered Level 1 of the Depths
 44017 | Depths:1 | Found a gateway to Hell.
 44272 | Depths:1 | Received a gift from Trog
 44579 | Depths:1 | Received a gift from Trog
 44852 | Depths:1 | Received a gift from Trog
 45127 | Depths:1 | Identified the Papyrus of Freezing Feathers
 45434 | Depths:1 | Found a one-way gate leading to the halls of Pandemonium.
 45529 | Depths:2 | Found a large runed door.
 45534 | Depths:2 | Found a large runed door.
 45812 | Depths:2 | Found a large runed door.
 45816 | Depths:2 | Found a large runed door.
 46224 | Depths:2 | Received a gift from Trog
 46478 | Depths:2 | Received a gift from Trog
 46481 | Depths:2 | Identified the +13 flail of the Crushed Songs {crush, Str+2 Dex+6} (Trog gifted it to you on level 2 of the Depths)
 46495 | Depths:2 | Found a large runed door.
 46498 | Depths:2 | Found a large runed door.
 46681 | Depths:2 | Found a large runed door.
 46685 | Depths:2 | Found a large runed door.
 46979 | Depths:3 | Reached XP level 24. HP: 228/228 MP: 28/28
 47068 | Depths:3 | Received a gift from Trog
 47149 | Depths:3 | Noticed a juggernaut
 47153 | Depths:3 | Reached skill level 10 in Evocations
 47159 | Depths:3 | Killed a juggernaut
 47180 | Depths:3 | Noticed an ancient lich
 47327 | Depths:3 | Received a gift from Trog
 47328 | Depths:3 | Got a faintly glowing hand axe {god gift}
 47933 | Depths:4 | Received a gift from Trog
 48171 | Depths:4 | Paralysed by a great orb of eyes for 3 turns
 48394 | Depths:4 | Found a gateway to a ziggurat.
 48408 | Depths:4 | Paralysed by a vampire knight for 2 turns
 48415 | Depths:4 | Received a gift from Trog
 48417 | Depths:4 | Identified the +5 morningstar "Qisoes" {crush, rF+ Dex+2} (You took it off a vampire knight on level 4 of the Depths)
 48453 | Depths:5 | Entered Level 5 of the Depths
 48838 | Depths:5 | Found a gate to the Realm of Zot.
 48868 | Depths:5 | Reached XP level 25. HP: 150/235 MP: 28/31
 48968 | Depths:3 | Paralysed by a floating eye for 3 turns
 49490 | Zot:1    | Entered Level 1 of the Realm of Zot
 49683 | Zot:2    | Reached skill level 23 in Maces & Flails
 49758 | Zot:3    | Received a gift from Trog
 50261 | Zot:4    | Paralysed by a Zot trap for 4 turns
 50268 | Zot:5    | Entered Level 5 of the Realm of Zot
 50917 | Zot:5    | Noticed an orb of fire
 50918 | Zot:5    | Lost mutation: Your muscles are strong. (Str +2) [an orb of fire]
 50924 | Zot:5    | Gained mutation: You are clumsy. (Dex -2) [an orb of fire]
 50926 | Zot:5    | Gained mutation: Your magical capacity is low. (-10% MP) [an orb of fire]
 50932 | Zot:5    | Gained mutation: You are frail. (-10% HP) [an orb of fire]
 50934 | Zot:5    | Noticed an orb of fire
 50934 | Zot:5    | Noticed an orb of fire
 50937 | Zot:5    | Killed an orb of fire
 50941 | Zot:5    | Gained mutation: You are very frail. (-20% HP) [an orb of fire]
 50944 | Zot:5    | Gained mutation: You are extremely frail. (-30% HP) [an orb of fire]
 50954 | Zot:5    | Gained mutation: You are very clumsy. (Dex -4) [an orb of fire]
 50967 | Zot:5    | Noticed an ancient lich
 50968 | Zot:5    | Noticed an orb of fire
 50968 | Zot:5    | Noticed an orb of fire
 50974 | Zot:5    | Gained mutation: Scrolls take you a little longer to read. [an orb of fire]
 50976 | Zot:5    | Killed an ancient lich
 50976 | Zot:5    | Received a gift from Trog
 51002 | Zot:5    | Noticed an ancient lich
 51006 | Zot:5    | HP: 5/164 [ancient lich/bolt of lightning (29)]
 51007 | Zot:5    | Lost mutation: Your magical capacity is low. (-10% MP) [potion of mutation]
 51007 | Zot:5    | Lost mutation: You are partially covered in large bone plates. (SH +4) [potion of mutation]
 51007 | Zot:5    | Lost mutation: You are extremely frail. (-30% HP) [potion of mutation]
 51007 | Zot:5    | Lost mutation: Scrolls take you a little longer to read. [potion of mutation]
 51007 | Zot:5    | Gained mutation: Your body sometimes deteriorates upon taking damage. [potion of mutation]
 51007 | Zot:5    | Gained mutation: Scrolls take you a little longer to read. [potion of mutation]
 51007 | Zot:5    | Gained mutation: You have a pair of large horns on your head. [potion of mutation]
 51007 | Zot:5    | Blown up by an ancient lich

Vault maps used:
D:1:      saegor_arrival_simple_a, minmay_tall_x
D:2:      uniq_sigmund
D:3:      uniq_ijyb
D:4:      first_bread, saegor_snake_ambush
D:5:      cheibrodos_helix_gallery, minmay_temple_entry_glassed_door
D:6:      serial_shops, shop
D:8:      cheibrodos_ashenzari_chains
D:9:      grunt_temple_overflow_open, orc_0_dummy
D:10:     lair_entry_dummy, the_bakery, uniq_erica
D:12:     kennysheep_generic_room_12
D:13:     fungi_pond_lemuel, uniq_frances, uniq_kirke
D:14:     david_vaults_2, basic_altar, amethyst_killhole, serial_shops, shop,
          uniq_snorg, uniq_louise
D:15:     hangedman_depths_entry_try_elsewhere_first, minivault_25,
          statue_in_the_mist_lemuel, hangedman_decor_clover_reticule,
          grunt_decor_clamped
Temple:   eino_temple_scatter_basement
Lair:1:   uniq_sonja
Lair:2:   lab_entry_generic
Lair:3:   minmay_swamp_entry_swarm, minmay_snake_entry_six_corridors,
          infiniplex_staircase_pool_2
Lair:4:   nicolae_quartered_pool_little, cheibrodos_lair_reptile_den,
          lemuel_fruit_fields, grunt_megastairs_1, uniq_nergalle
Lair:5:   beast_lair_carwin_10, grunt_megastairs_2
Lair:6:   gammafunk_lair_ancient_temple, slime_altar_1, minivault_25,
          patterned_corridor, infiniplex_staircase_pool, lemuel_fruit_fields
Swamp:1:  evilmike_swamp_ruin_house_5, swamp_pool5, nicolae_swamp_triple_paths
Swamp:2:  evilmike_swamp_ruin_house_2
Swamp:3:  evilmike_swamp_ruin_house_3
Swamp:4:  swamp_vile
Snake:2:  portal_ice_cave_entry_pillars_three, serial_shops, shop,
          lemuel_fruit_tree, uniq_aizul
Snake:4:  snake_pit, basic_altar, uniq_donald
Orc:1:    nicolae_volcano_entry_hallway, serial_shops,
          nicolae_shop_window_shopping,
          nicolae_shop_temple_entry_statues_fountains, nicolae_orc_rich_vein
Orc:2:    st_orc_congregation, serial_shops, shop, nicolae_orc_damp_corner,
          uniq_azrael, uniq_rupert
Vaults:1: ontoclasm_vaults_bender, hangedman_vaults_trim, v_alt_pattern_5,
          v_alt_pattern_3, hangedman_vaults_stagger, v_misc_24,
          nicolae_vaults_octagons, hangedman_vaults_hat, v_misc_8,
          vaults_room_stairs_pillars, v_misc_8, v_rooms_1, vaults_room_pools
Vaults:2: minmay_crypt_entry_simple_box, v_misc_3, ontoclasm_vaults_gateway,
          v_alt_pattern_2, v_misc_1, vaults_dpeg_ring, v_misc_24, serial_ice_g,
          nicolae_vaults_border_crossing, ontoclasm_vaults_chip, uniq_boris,
          uniq_jory
Vaults:3: v_misc_18, nicolae_vaults_sealed_display, st_octagons_1,
          nicolae_vaults_arrows, nicolae_vaults_inception_statues,
          vaults_room_fancy_cross, hangedman_vaults_nails,
          hangedman_vaults_nodes, nicolae_vaults_shelves_hall,
          ontoclasm_vaults_pinch, vaults_standard_mumra_x, nicolae_vaults_theta,
          uniq_nikola
Vaults:4: nicolae_vaults_network_s, ontoclasm_vaults_twist,
          nicolae_vaults_little_squares_5, hangedman_vaults_stream,
          nicolae_vaults_little_ls, vaults_dpeg_doors,
          ontoclasm_vaults_decontamination, st_cells, hangedman_vaults_slice,
          nicolae_vaults_specimen_jars, nicolae_vaults_diagonal_hallway_6,
          ontoclasm_vaults_shuriken, grunt_vaults_funnel, vaults_room_door_ring,
          portal_desolation_entry_garden
Vaults:5: uniq_boris, uniq_saint_roka
Depths:1: roderic_roman_lattice, hell_entry, grunt_pan_entry_in_and_out,
          eino_curves_04, lemuel_old_faithful
Depths:2: minmay_five_octagons, grunt_hell_entry_dis_old, rand_demon_pan_entry_9
Depths:3: grunt_runaround, pan_entry, hell_entry
Depths:4: kennysheep_windowed_halls, enter_ziggurat_f, pf_hell_entry_tar_river,
          abyss_entry_flame_altar, spider_trap
Depths:5: grunt_zot_entry_bicorn, grunt_hell_entry_demonic_statue,
          minmay_misc_feat_five, spider_trap, uniq_enchantress
Zot:1:    kennysheep_oblong_rooms, uniq_tiamat
Zot:3:    gammafunk_the_bubble
Lab:      labyrinth_watery, nicolae_lab_t_cross, labyrinth_fake_exit,
          labyrinth_glass_1, nicolae_lab_diamond
IceCv:    ice_cave_caverns_02
Volcano:  volcano_caves

Skill      XL: |  1  2  3  4  5  6  7  8  9 10 11 12 13 14 15 16 17 18 19 20 21 22 23 24 25 |
---------------+----------------------------------------------------------------------------+-----
Fighting       | 4 7 11 12 13 14 16 18 21 | 21.0
Axes           | 4 7 8 9 11 13 16 | 16.1
Armour         | 3 6 10 12 14 15 16 19 21 | 21.6
Dodging        | 5 7 9 11 15 16 | 16.0
Evocations     | 3 6 9 12 | 12.0
Maces & Flails | 6 14 17 18 22 23 | 23.0
Crossbows      | 6 10 | 10.0
Shields        | 12 14 16 18 20 | 20.0
Stealth        | 10 15 | 15.0

Action                   |  1- 3 |  4- 6 |  7- 9 | 10-12 | 13-15 | 16-18 | 19-21 | 22-24 | 25-27 || total
-------------------------+-------+-------+-------+-------+-------+-------+-------+-------+-------++-------
Melee: Hand axe          |    65 |     1 |       |       |       |       |       |       |       ||    66
       Headbutt          |    13 |    13 |    65 |   129 |   223 |   395 |   522 |   471 |   105 ||  1936
       War axe           |       |   102 |   287 |   442 |       |       |       |       |       ||   831
       Morningstar       |       |       |       |   109 |   963 |  1619 |  1578 |  1370 |   270 ||  5909
       Unarmed           |       |       |       |       |    26 |       |       |       |       ||    26
 Fire: Arbalest          |       |       |       |       |    15 |       |       |       |       ||    15
Throw: Tomahawk          |       |       |       |     4 |       |       |       |       |       ||     4
Invok: Berserk           |     1 |     3 |     3 |    12 |    14 |    26 |    20 |    17 |     3 ||    99
       Trog's Hand       |     1 |       |       |       |     3 |     8 |     6 |     7 |     1 ||    26
       Burn Spellbooks   |       |       |     2 |     3 |     1 |     3 |     7 |     8 |       ||    24
       Brothers in Arms  |       |       |       |     3 |     4 |    10 |     3 |    11 |     3 ||    34
Evoke: Wand              |       |       |       |     9 |     1 |     6 |     4 |     5 |     6 ||    31
       Box of beasts     |       |       |       |       |       |       |       |     1 |       ||     1
  Use: Potion            |       |     8 |     2 |     4 |     2 |     4 |     4 |     7 |    12 ||    43
       Scroll            |       |     6 |     5 |    12 |     7 |    17 |    10 |    28 |    22 ||   107
 Stab: Petrified         |       |       |       |       |       |     2 |       |       |       ||     2
       Distracted        |       |       |       |       |       |     1 |     1 |     9 |     2 ||    13
       Confused          |       |       |       |       |       |     1 |       |       |       ||     1
       Petrifying        |       |       |       |       |       |     1 |       |       |       ||     1
       Sleeping          |       |       |       |       |       |       |       |    12 |       ||    12
  Eat: Chunk             |       |     7 |    17 |    30 |    60 |    68 |    51 |    45 |    10 ||   288
       Fruit             |       |       |       |     4 |       |       |       |       |       ||     4
       Royal jelly       |       |       |       |     2 |       |       |       |       |       ||     2
       Bread ration      |       |       |       |       |       |     1 |       |       |       ||     1
Armor: Animal skin       |     1 |       |       |       |       |       |       |       |       ||     1
       Chain mail        |    29 |    61 |    80 |       |       |       |       |       |       ||   170
       Plate armour      |       |       |    49 |   247 |   432 |   332 |   232 |   312 |     3 ||  1607
       Gold dragon scale |       |       |       |       |       |       |       |       |    79 ||    79
Dodge: Dodged            |    22 |    45 |    90 |   197 |   292 |   320 |   308 |   400 |    72 ||  1746
Block: Large shield      |       |       |       |       |   412 |  1768 |  1496 |  1555 |   333 ||  5564
